cohdb
Replays
Latest Replays
All Replays
Popular Replays
Top Player Replays
Match Explorer
How It Works
Community
CoH3 Stats
Reddit
Sign in to upload your games and track your stats! →
Sign in with Steam
Match 44821909
Unlisted
Match 44821909
Overview
Messages
Build Orders
End
Construct Infanterie Kompanie
Kettenkrad Recon Vehicle
Selects Mechanized Battlegroup
MG 42 Machine Gun Team
MG 42 Machine Gun Team
Construct Luftwaffe Kompanie
Grenadier Squad
Selects Mobile Repair Stations
221 Scout Car
Jäger Squad
221 Scout Car
Jäger Squad
Luftwaffe Officer Quarters
Selects Raid Package
221 Scout Car
Medical Station
Support Elements
Selects StuG Assault Group
StuG Assault Group
朱日和强军战车主理人
聽取蛙聲一片
QAQ
OOOY
Jm200092
Gear-IV-G
Lancyin
Guardian
0
0
Comments
sign in to comment!
No comments posted yet!